Map: Triton LE

Players

Elazer - Winner!

  • Race: Zerg Zerg
  • Spawn Location: 11:00

Trap

  • Race: Protoss Protoss
  • Spawn Location: 5:00

Event: 2019 WCS Global FInals

VOD

Have the link to the VOD?

Description

Time

  • Played on: Oct. 27, 2019, 5:02 a.m.
  • Length: 12:35

All games in this series

Show
View Real Time Build Order
Export as new Build Order

Elazer Zerg - Winner!

Build Orders: Hatch First 

Get SALT Encoding   

  12  0:00  Drone  
  13  0:12  Overlord  
  13  0:16  Drone  
  14  0:30  Drone x2  
  16  0:46  Hatchery  
  15  0:51  Drone  
  15  0:54  Drone  
  17  0:57  Drone  
  18  1:08  Extractor  
  17  1:13  Spawning Pool  
  17  1:15  Drone  
  17  1:19  Drone  
  18  1:28  Drone  
  19  1:39  Drone  
  20  1:49  Drone  
  21  1:59  Zergling x2, Queen  
  21  2:00  Queen  
  26  2:01  Overlord  
  26  2:09  Zergling x2  
  26  2:11  Drone  
  28  2:20  Drone  
  28  2:21  Drone  
  30  2:27  Hatchery  
  29  2:30  Drone  
  29  2:33  Drone  
  31  2:39  Queen  
  31  2:43  Metabolic Boost  
  33  2:48  Overlord  
  33  2:51  Drone  
  33  2:54  Drone  
  33  2:55  Drone  
  36  3:05  Overlord  
  36  3:09  Drone x2  
  36  3:11  Drone x3  
  40  3:13  Drone  
  40  3:18  Queen  
  43  3:22  Overlord  
  43  3:24  Drone  
  44  3:27  Drone  
  44  3:30  Drone  
  44  3:31  Drone  
  47  3:40  Overlord  
  47  3:43  Drone x2  
  47  3:46  Spore Crawler  
  47  3:47  Spore Crawler  
  47  3:48  Drone x2  
  47  3:49  Spore Crawler  
  47  3:51  Zergling x4  
  50  3:57  Queen  
  50  4:00  Zergling x2  
  51  4:10  Drone x6  
  51  4:14  Drone  
  55  4:17  Drone x2  
  55  4:19  Drone  
  55  4:22  Overlord  
  56  4:25  Drone  
  56  4:26  Drone  
  56  4:28  Drone  
  61  4:31  Drone x2  
  61  4:34  Overlord  
  61  4:35  Drone  
  62  4:41  Drone x3  
  62  4:45  Drone, Lair  
  63  4:46  Extractor  
  63  4:48  Drone  
  63  4:49  Drone, Extractor  
  63  4:50  Drone  
  63  4:56  Queen  
  65  5:00  Roach Warren  
  65  5:01  Drone x2  
  65  5:03  Drone  
  65  5:05  Drone x2  
  69  5:09  Zergling x4  
  69  5:10  Zergling x2  
  69  5:12  Drone x3  
  75  5:14  Drone  
  75  5:17  Drone x3  
  79  5:25  Overlord  
  79  5:26  Drone x2  
  81  5:29  Overlord  
  81  5:31  Extractor  
  81  5:32  Extractor  
  81  5:33  Overlord  
  81  5:35  Drone x2  
  81  5:41  Overlord  
  81  5:45  Evolution Chamber, Roach x3  
  81  5:47  Glial Reconstitution  
  81  5:49  Roach x3  
  92  5:54  Roach x3  
  98  5:57  Spine Crawler  
  98  6:02  Overlord  
  99  6:04  Roach x2, Ravager  
  99  6:05  Ravager x2  
  99  6:06  Roach x3  
  110  6:11  Overlord  
  110  6:16  Roach x4  
  111  6:22  Drone x3  
  111  6:25  Overlord  
  113  6:31  Drone x2  
  116  6:36  Baneling Nest  
  116  6:39  Evolution Chamber, Drone x3  
  117  6:40  Hatchery  
  117  6:43  Drone x2  
  117  6:44  Drone  
  117  6:45  Drone  
  114  6:49  Drone x3  
  114  6:51  Drone  
  118  6:56  Drone, Extractor  
  118  6:58  Drone  
  118  6:59  Drone x2, Overseer  
  118  7:00  Pneumatized Carapace  
  121  7:03  Drone x2  
  121  7:08  Overlord, Zerg Melee Weapons Level 1  
  123  7:09  Drone  
  123  7:11  Drone  
  123  7:12  Drone x2  
  123  7:14  Overlord  
  123  7:15  Drone  
  128  7:19  Overlord  
  128  7:21  Centrifical Hooks  
  127  7:26  Overlord  
  127  7:27  Overlord  
  127  7:28  Roach  
  129  7:33  Drone x5  
  129  7:34  Drone  
  129  7:36  Extractor  
  129  7:37  Drone x2  
  129  7:38  Drone  
  129  7:41  Drone x2  
  129  7:42  Drone x2  
  136  7:49  Ravager, Zergling x4  
  138  7:52  Overlord  
  138  7:56  Zergling x10  
  143  8:01  Ravager  
  143  8:02  Ravager x5  
  143  8:04  Roach x5  
  159  8:09  Zergling x10  
  164  8:18  Zergling x6  
  167  8:20  Hatchery  
  167  8:21  Zergling x2  
  167  8:23  Baneling x11  
  167  8:26  Zergling x10  
  166  8:38  Zergling x12  
  152  8:44  Zergling x14  
  152  8:46  Roach x2  
  148  8:51  Roach  
  148  8:52  Roach  
  141  8:56  Extractor  
  141  8:57  Extractor, Zergling x8  
  141  8:58  Spire  
  139  9:03  Drone x4  
  139  9:06  Drone x3  
  139  9:09  Drone x2  
  147  9:10  Zerg Melee Weapons Level 2  
  147  9:14  Overlord  
  145  9:17  Overlord  
  145  9:21  Overlord  
  145  9:26  Overlord  
  145  9:27  Roach x5  
  157  9:31  Roach x7  
  157  9:36  Overlord  
  157  9:38  Zergling x10  
  174  9:53  Baneling x12  
  172  10:09  Mutalisk x8  
  172  10:10  Mutalisk x5  
  197  10:19  Zergling x20  
  194  10:23  Mutalisk x3  
  190  10:28  Zergling x2  
  190  10:29  Zergling x20  
  190  10:34  Mutalisk  
  195  10:40  Mutalisk  
  195  10:42  Zergling x6  
  187  10:47  Mutalisk  
  187  10:48  Mutalisk  
  173  10:55  Zergling x10  
  170  11:05  Zergling x8  
  170  11:07  Baneling x3, Hatchery  
  173  11:17  Mutalisk  
  165  11:20  Zergling x10  
  158  11:26  Zergling x8  
  158  11:31  Zergling x6  
  164  11:37  Mutalisk  
  164  11:50  Roach  
  164  11:51  Roach x4  
  171  11:56  Hydralisk Den  
  171  11:57  Evolution Chamber, Zergling x2  
  171  11:58  Zergling x4  
  167  12:03  Zergling x6  
  154  12:16  Zergling x8  
Show
View Real Time Build Order
Export as new Build Order

Trap Protoss 

Build Orders: 1 Gate Expand, Oracle Opening, Phoenix Opening, Archon Immortal 

Get SALT Encoding   

  12  0:00  Probe  
  13  0:12  Probe  
  14  0:18  Pylon  
  14  0:24  Probe  
  15  0:36  Probe (Chrono Boost)  
  16  0:44  Gateway  
  16  0:46  Probe (Chrono Boost)  
  16  0:47  Assimilator  
  17  0:51  Probe (Chrono Boost)  
  18  1:03  Probe  
  19  1:15  Probe  
  20  1:23  Nexus  
  20  1:33  Cybernetics Core  
  20  1:36  Probe  
  21  1:44  Assimilator  
  21  1:48  Probe  
  22  1:54  Pylon  
  22  2:01  Probe (Chrono Boost)  
  23  2:12  Adept  
  23  2:13  Probe (Chrono Boost)  
  26  2:16  Stargate  
  26  2:20  Probe (Chrono Boost)  
  27  2:25  Warp Gate  
  27  2:29  Probe (Chrono Boost)  
  28  2:35  Probe (Chrono Boost)  
  29  2:42  Adept  
  33  2:44  Probe x2 (Chrono Boost)  
  33  2:49  Probe (Chrono Boost)  
  34  2:51  Probe  
  35  2:59  Phoenix (Chrono Boost)  
  35  3:01  Probe  
  35  3:03  Probe  
  39  3:06  Pylon  
  39  3:13  Oracle (Chrono Boost), Probe  
  39  3:15  Probe  
  44  3:20  Gateway  
  44  3:25  Probe  
  45  3:27  Probe  
  45  3:31  Assimilator  
  45  3:33  Assimilator  
  46  3:39  Probe  
  46  3:40  Probe  
  46  3:41  Oracle (Chrono Boost)  
  48  3:46  Pylon  
  51  3:51  Probe  
  51  3:52  Probe  
  53  4:03  Probe  
  53  4:04  Probe  
  53  4:06  Robotics Facility  
  53  4:15  Probe  
  53  4:16  Oracle (Chrono Boost), Probe  
  53  4:21  Adept x2  
  60  4:29  Gateway, Probe  
  60  4:30  Gateway  
  60  4:31  Probe  
  62  4:32  Pylon  
  62  4:49  Pylon  
  62  4:51  Sentry x2  
  65  4:53  Immortal (Chrono Boost)  
  69  5:05  Nexus  
  69  5:07  Pylon  
  69  5:08  Probe  
  69  5:09  Pylon, Probe  
  71  5:17  Sentry x2  
  75  5:25  Observer  
  74  5:29  Probe x2  
  74  5:34  Sentry  
  74  5:35  Sentry  
  80  5:37  Shield Battery  
  80  5:41  Zealot  
  82  5:42  Zealot  
  82  5:46  Probe x2  
  82  5:48  Forge  
  86  5:51  Twilight Council  
  86  5:54  Immortal  
  90  5:58  Probe x2  
  90  6:02  Pylon x2  
  92  6:07  Protoss Ground Weapons Level 1 (Chrono Boost)  
  92  6:10  Probe x2  
  91  6:18  Charge  
  92  6:25  Probe x3  
  92  6:27  Gateway  
  92  6:28  Gateway  
  92  6:32  Templar Archives  
  94  6:35  Assimilator  
  94  6:36  Assimilator  
  94  6:40  Pylon, Probe x3  
  94  6:45  Immortal (Chrono Boost)  
  96  6:54  Shield Battery  
  96  6:58  Shield Battery  
  96  7:01  Zealot x4  
  98  7:08  Pylon  
  104  7:09  Probe x2  
  104  7:10  Probe  
  104  7:12  Pylon  
  107  7:23  Gateway x2  
  107  7:25  Pylon, High Templar x3  
  107  7:26  High Templar  
  107  7:29  Archon  
  115  7:30  Warp Prism (Chrono Boost), Archon  
  117  7:40  Stalker  
  117  7:41  Stalker  
  121  7:46  Photon Cannon  
  121  7:58  Protoss Ground Armor Level 1 (Chrono Boost)  
  121  8:00  Nexus, High Templar x2  
  121  8:01  Pylon, Zealot x2  
  130  8:05  Probe x3  
  130  8:09  Archon  
  130  8:10  Immortal (Chrono Boost)  
  136  8:22  Photon Cannon  
  136  8:27  High Templar x2  
  136  8:28  Zealot x4  
  136  8:33  Archon  
  144  8:36  Zealot x2  
  124  8:45  Immortal  
  111  8:59  High Templar x2  
  111  9:00  Zealot x6  
  124  9:03  Gateway  
  124  9:04  Archon  
  124  9:05  Gateway  
  124  9:09  Probe x3  
  123  9:24  High Templar  
  123  9:25  Zealot x4, High Templar  
  123  9:29  Observer, Pylon, Archon  
  136  9:32  Psionic Storm, Zealot, Sentry  
  140  9:42  Observer  
  140  9:44  Assimilator  
  140  9:45  Assimilator  
  140  9:47  Zealot x2  
  140  9:48  Photon Cannon  
  144  9:52  Zealot  
  144  9:53  Zealot  
  144  9:54  Zealot  
  146  10:15  Zealot x10  
  155  10:23  Immortal  
  137  10:34  Phoenix (Chrono Boost)  
  131  10:41  Zealot  
  131  10:42  Stalker x3  
  125  10:49  Stalker x2  
  103  10:50  Phoenix (Chrono Boost)  
  79  11:00  Zealot x2, High Templar x2  
  77  11:07  Zealot, Archon  
  77  11:08  Zealot, High Templar  
  77  11:09  Phoenix (Chrono Boost), High Templar  
  87  11:13  Archon  
  87  11:14  Zealot x2  
  71  11:27  Phoenix (Chrono Boost)  
  62  11:37  Zealot  
  53  11:52  High Templar x2  
  53  11:53  Zealot x6  
  68  11:57  Archon  
Tags
 
Add a new tag
Caveats
  • Supply blocks, unpowered buildings, or Contaminate may cause inaccurate times.
  • Supply counts are checked every 10 seconds.